Stars vs Red Wings

Created - 13 novembre 2025 at 19:50

Goals
1 2 3 T
Stars 0 2 0 2
Red Wings 1 2 1 4
Shots
1 2 3 T
Stars 9 16 9 34
Red Wings 12 12 10 34

GoalsPenalties
1st period
1. Red Wings , Mason Marchment 8 (Owen Tippett 9) at 5:47
Brett Leason (DET) for Interference (Minor) at 14:20
Anders Lee (DAL) for Delaying the game (Minor) at 19:18
2nd period
2. Stars , Vincent Hinostroza 3 (Michael Carcone 3, John Klingberg 1) at 3:38
3. Red Wings , David Pastrnak 8 (Mason Lohrei 2, Dylan DeMelo 4) at 5:54
4. Stars , Anders Lee 4 (Mason Appleton 3) at 6:00
5. Red Wings , Owen Tippett 10 (Mason Marchment 9, Kailer Yamamoto 5) at 17:58
Anders Lee (DAL) for High sticking (Minor) at 6:34
3rd period
6. Red Wings , Owen Tippett 11 (David Pastrnak 10) at 19:18 (Empty Net)
Ryan Strome (DAL) for High sticking (Minor) at 1:10
Corey Perry (DAL) for High sticking (Minor) at 7:34
Goalie Stats
Karel Vejmelka (DAL), 30 saves from 33 shots - (0,909), L, 3-8-1, 59:50 minutes
Tristan Jarry (DET), 32 saves from 34 shots - (0,941), W, 8-4-0, 60:00 minutes
3 StarsOfficial
1 - Owen Tippett (DET)
2 - Mason Marchment (DET)
3 - David Pastrnak (DET)
Referees : Reid Anderson and Gord Dwyer
Linesman : Brandon Gawryletz and Jaime Alary
Game Note
Owen Tippett has scored in a empty net!
Finance
Level 1 -- Attendance: 3935 (65,58%) -- Ticket Income $511,550
Level 2 -- Attendance: 2773 (55,46%) -- Ticket Income $235,705
Level 3 -- Attendance: 1281 (64,05%) -- Ticket Income $64,050
Level 4 -- Attendance: 3900 (97,50%) -- Ticket Income $97,500
Luxury Box -- Attendance: 647 (64,70%) -- Ticket Income $161,750
Game was played at the Octopus Arena.
Total Attendance: 12536 (69,64%)
Total Ticket Income: $1,070,555
Other Income: $524,572
Total Income: $1,595,127



Team Name Goals Shots Shots Attemp Shots Blocked PIM HIT PP PK FO%
Stars 23468118210 / 1 (0%)062%
Red Wings 43460122220 / 4 (0%)038%

Stars
Player Name POS G A P +/- PIM HIT SHT SB MP PP MP PP SHT PK MP PK SHT FO% FOT GA TA
000000000:000:0000:0000% 000
000000000:000:0000:0000% 000
Anders LeeC/LW101-1435016:320:5902:21047% 1900
Cale FleuryD000-1010116:110:0000:0000% 001
Colin BlackwellC/LW/RW000-1001011:550:0000:0000% 002
Corey PerryRW000-1213112:500:5100:0000% 010
Dylan StromeC/LW000-1014019:530:3003:57165% 2010
Glenn GawdinC/RW000100009:240:0000:000100% 410
John KlingbergD0110011322:170:5502:4000% 001
Mason AppletonC/LW/RW011-1012015:051:0101:1100% 100
Matt GrzelcykD000-1010023:201:0402:4000% 001
Michael CarconeC/LW/RW011101309:540:1500:1300% 011
Mikko RantanenC/LW/RW000-1022116:150:3400:0000% 010
Pierre EngvallLW/RW000-1001016:231:0002:25050% 200
Ryan GravesD0000011020:290:5505:1600% 003
Ryan StromeC/LW/RW000-1220017:170:2601:010100% 100
Sam LaffertyC/LW/RW000-1034117:080:2104:44175% 810
Thomas ChabotD000-1031221:321:0405:1600% 003
TJ BrodieD000-1001216:110:0000:0000% 001
Vincent HinostrozaRW101100509:240:0000:0000% 010
Red Wings
Player Name POS G A P +/- PIM HIT SHT SB MP PP MP PP SHT PK MP PK SHT FO% FOT GA TA
000000000:000:0000:0000% 000
Arthur KaliyevLW/RW0000011011:110:0000:0000% 000
Brett LeasonRW000-1203015:450:0000:0000% 001
Brett PesceD000-1042219:473:5400:5300% 011
Brock McGinnLW/RW0000031111:413:4000:460100% 110
Calvin de HaanD000-1050116:020:0000:0000% 011
David PastrnakLW/RW1121002021:334:1600:27060% 1020
Dylan DeMeloD0113030123:544:0201:0600% 001
Fedor SvechkovC0000010010:323:4000:00013% 800
Jakob ChychrunD0000001121:274:0211:0600% 012
Justin HollRW/D0001011217:423:5400:59025% 400
Juuso ValimakiD000000000:000:0000:0000% 000
Kailer YamamotoC/LW/RW0112011017:120:0300:17044% 910
Mason LohreiD0113000116:160:0000:5300% 000
Mason MarchmentLW/RW1122027020:143:4010:29017% 610
Mathew DumbaD000-1000116:020:0000:0000% 001
Matias MaccelliC/LW/RW000-1002015:210:0000:00050% 210
Nick PerbixD000000001:470:0000:0000% 000
Owen TippettLW/RW2133019121:144:1600:0000% 240
Taylor RaddyshC/LW/RW0000004120:204:1301:00046% 1300

Stars

5 vs 5 Forward
Line #Left WingCenterRight WingPHYDFOFWanted %Time %Time Play
1Ryan StromeDylan StromeMikko Rantanen0143632%15:49
2Pierre EngvallAnders LeeMason Appleton0142926%12:57
3Colin BlackwellSam LaffertyCorey Perry0142024%11:55
4Michael CarconeGlenn GawdinVincent Hinostroza1311519%9:24
5 vs 5 Defense
Line #DefenseDefensePHYDFOFWanted %Time %Time Play
1Thomas ChabotMatt Grzelcyk0413030%14:55
2Ryan GravesJohn Klingberg0413028%14:05
3Cale FleuryTJ Brodie0412532%16:11
4John KlingbergMatt Grzelcyk1311510%4:54
Power Play Forward
Line #Left WingCenterRight WingPHYDFOFWanted %Time %Time Play
1Dylan StromeAnders LeeMikko Rantanen0056060%1:11
2Ryan StromeMason AppletonCorey Perry0054040%0:48
Power Play Defense
Line #DefenseDefensePHYDFOFWanted %Time %Time Play
1Thomas ChabotMatt Grzelcyk0146054%1:04
2Ryan GravesJohn Klingberg0144046%0:55
Penalty Kill 4 Players Forward
Line #CenterWingPHYDFOFWanted %Time %Time Play
1Anders LeeSam Lafferty0506077%6:06
2Ryan StromePierre Engvall0504023%1:50
Penalty Kill 4 Players Defense
Line #DefenseDefensePHYDFOFWanted %Time %Time Play
1Thomas ChabotRyan Graves1406066%5:16
2John KlingbergMatt Grzelcyk1404034%2:40
Penalty Kill 3 Players
Line #WingPHYDFOFWanted %Time %Time PlayDefenseDefensePHYDFOFWanted %Time %Time Play
1Sam Lafferty122600%0:00 Thomas ChabotMatt Grzelcyk122600%0:00
2Ryan Strome122400%0:00 Ryan GravesJohn Klingberg122400%0:00
4 vs 4 Forward
Line #CenterWingPHYDFOFWanted %Time %Time Play
1Ryan StromeMikko Rantanen122600%0:00
2Dylan StromeAnders Lee122400%0:00
4 vs 4 Defense
Line #DefensePHYDFOFWanted %Time %Time Play
1Matt GrzelcykThomas Chabot122600%0:00
2John KlingbergRyan Graves122400%0:00
Last Minutes Offensive
Left WingCenterRight WingDefenseDefense
Mikko RantanenRyan StromeMason AppletonMatt GrzelcykThomas Chabot
Last Minutes Defensive
Left WingCenterRight WingDefenseDefense
Anders LeeSam LaffertyCorey PerryRyan GravesTJ Brodie
Time
Total ForwardTotal DefenseLast Minutes OffensiveLast Minutes Defensive
60:00 60:00 0:000:00
Extra Forwards
Normal PowerPlayPenalty Kill
Anders Lee, Dylan Strome, Ryan StromePierre Engvall, Anders LeeSam Lafferty
Extra Defensemen
Normal PowerPlayPenalty Kill
Ryan Graves, Matt Grzelcyk, Thomas ChabotJohn Klingberg, Matt GrzelcykThomas Chabot
Penalty Shots
Mikko Rantanen, Dylan Strome, Ryan Graves, Glenn Gawdin, Sam Lafferty
Goalie
Karel Vejmelka, Jakub Dobes
Custom OT Lines Forwards
Mikko Rantanen, Dylan Strome, Anders Lee, Ryan Strome, Glenn Gawdin, Mason Appleton, Michael Carcone, Sam Lafferty, Pierre Engvall, Colin Blackwell
Custom OT Lines Defensemen
Thomas Chabot, Ryan Graves, TJ Brodie, Matt Grzelcyk, John Klingberg
Scratches
Mike Reilly (Healthy), Louis Crevier (Sore Left Knee Injury), Hunter Shepard (Healthy)

Red Wings

5 vs 5 Forward
Line #Left WingCenterRight WingPHYDFOFWanted %Time %Time Play
1Mason MarchmentKailer YamamotoOwen Tippett0323932%15:42
2Brett LeasonTaylor RaddyshMatias Maccelli0413234%16:57
3Arthur KaliyevDavid PastrnakJustin Holl1312422%10:44
4David PastrnakFedor SvechkovBrock McGinn131513%6:16
5 vs 5 Defense
Line #DefenseDefensePHYDFOFWanted %Time %Time Play
1Brett PesceJakob Chychrun2303432%15:53
2Mason LohreiDylan DeMelo0323332%15:57
3Calvin de HaanMathew Dumba0413332%16:02
4Nick PerbixDylan DeMelo12204%1:47
Power Play Forward
Line #Left WingCenterRight WingPHYDFOFWanted %Time %Time Play
1David PastrnakTaylor RaddyshOwen Tippett0056054%4:16
2Mason MarchmentFedor SvechkovBrock McGinn0054046%3:40
Power Play Defense
Line #DefenseDefensePHYDFOFWanted %Time %Time Play
1Jakob ChychrunDylan DeMelo0145051%4:02
2Justin HollBrett Pesce0145049%3:54
Penalty Kill 4 Players Forward
Line #CenterWingPHYDFOFWanted %Time %Time Play
1Brock McGinnJustin Holl0505050%0:59
2Taylor RaddyshMason Marchment0505050%1:00
Penalty Kill 4 Players Defense
Line #DefenseDefensePHYDFOFWanted %Time %Time Play
1Jakob ChychrunDylan DeMelo1405055%1:06
2Mason LohreiBrett Pesce1405045%0:53
Penalty Kill 3 Players
Line #WingPHYDFOFWanted %Time %Time PlayDefenseDefensePHYDFOFWanted %Time %Time Play
1Owen Tippett050500%0:00 Dylan DeMeloJustin Holl140500%0:00
2Mason Marchment050500%0:00 Calvin de HaanBrett Pesce140500%0:00
4 vs 4 Forward
Line #CenterWingPHYDFOFWanted %Time %Time Play
1Taylor RaddyshOwen Tippett014500%0:00
2David PastrnakMason Marchment023500%0:00
4 vs 4 Defense
Line #DefensePHYDFOFWanted %Time %Time Play
1Brett PesceDylan DeMelo032500%0:00
2Jakob ChychrunJustin Holl032500%0:00
Last Minutes Offensive
Left WingCenterRight WingDefenseDefense
David PastrnakOwen TippettTaylor RaddyshJakob ChychrunDylan DeMelo
Last Minutes Defensive
Left WingCenterRight WingDefenseDefense
David PastrnakOwen TippettTaylor RaddyshJakob ChychrunDylan DeMelo
Time
Total ForwardTotal DefenseLast Minutes OffensiveLast Minutes Defensive
60:00 60:00 0:000:26
Extra Forwards
Normal PowerPlayPenalty Kill
Justin Holl, Mason Marchment, Owen TippettMason Marchment, Kailer YamamotoMason Marchment
Extra Defensemen
Normal PowerPlayPenalty Kill
Brett Pesce, Dylan DeMelo, Justin HollBrett Pesce, Brett PesceDylan DeMelo
Penalty Shots
Justin Holl, Owen Tippett, Mason Marchment, David Pastrnak, Kailer Yamamoto
Goalie
Tristan Jarry, Joonas Korpisalo
Custom OT Lines Forwards
Justin Holl, Owen Tippett, David Pastrnak, Mason Marchment, Taylor Raddysh, Brett Leason, Matias Maccelli, Kailer Yamamoto, Fedor Svechkov, Brock McGinn
Custom OT Lines Defensemen
Nick Perbix, Mathew Dumba, Jakob Chychrun, Brett Pesce, Dylan DeMelo
Scratches
Nick Bjugstad (Healthy)


Play-by-Play

1st period


0:01 of 1st period - Dylan Strome wins face-off versus Mason Marchment in neutral zone.
0:16 of 1st period - Snap shot by Mason Marchment.
0:16 of 1st period - Deflect By Owen Tippett.
0:16 of 1st period - Stopped by Karel Vejmelka with a rebound.
1:02 of 1st period - Wrist shot by David Pastrnak.
1:02 of 1st period - Shot Misses the Net.
1:38 of 1st period - Snap shot by Mikko Rantanen.
1:38 of 1st period - Stopped by Tristan Jarry without a rebound.
1:39 of 1st period - Taylor Raddysh wins face-off versus Mason Appleton in Red Wings zone.
2:13 of 1st period - Snap shot by Vincent Hinostroza.
2:13 of 1st period - Shot Blocked by Owen Tippett.
2:33 of 1st period - Mathew Dumba is hit by Thomas Chabot and loses puck.
2:46 of 1st period - Snap shot by Taylor Raddysh.
2:46 of 1st period - Shot Misses the Net.
3:07 of 1st period - Snap shot by Mason Marchment.
3:07 of 1st period - Stopped by Karel Vejmelka with a rebound.
3:25 of 1st period - Ryan Graves is hit by Fedor Svechkov and loses puck.
4:43 of 1st period - Mathew Dumba is hit by Matt Grzelcyk.
5:17 of 1st period - Matias Maccelli is hit by Anders Lee and loses puck.
5:47 of 1st period - Slapshot by Mason Marchment.
5:47 of 1st period - Goal by Mason Marchment - Stars : 0 - Red Wings : 1.
5:48 of 1st period - Dylan Strome wins face-off versus Kailer Yamamoto in neutral zone.
6:36 of 1st period - Wrist shot by Dylan Strome.
6:36 of 1st period - Deflect By Mikko Rantanen.
6:36 of 1st period - Shot Misses the Net.
6:36 of 1st period - Puck is out of play.
6:37 of 1st period - Kailer Yamamoto wins face-off versus Anders Lee in Red Wings zone.
6:45 of 1st period - Wrist shot by Anders Lee.
6:45 of 1st period - Shot Misses the Net.
6:51 of 1st period - Wrist shot by Anders Lee.
6:51 of 1st period - Stopped by Tristan Jarry without a rebound.
6:52 of 1st period - David Pastrnak wins face-off versus Sam Lafferty in Red Wings zone.
6:59 of 1st period - Snap shot by Arthur Kaliyev.
6:59 of 1st period - Shot Blocked by TJ Brodie.
7:01 of 1st period - Snap shot by David Pastrnak.
7:01 of 1st period - Stopped by Karel Vejmelka with a rebound.
8:20 of 1st period - Wrist shot by Mason Marchment.
8:20 of 1st period - Shot Blocked by Cale Fleury.
9:14 of 1st period - Wrist shot by Owen Tippett.
9:14 of 1st period - Stopped by Karel Vejmelka with a rebound.
10:02 of 1st period - Snap shot by Owen Tippett.
10:02 of 1st period - Stopped by Karel Vejmelka with a rebound.
11:10 of 1st period - Slapshot by Mikko Rantanen.
11:10 of 1st period - Shot Blocked by Dylan DeMelo.
11:12 of 1st period - Backhand shot by TJ Brodie.
11:12 of 1st period - Stopped by Tristan Jarry without a rebound.
11:13 of 1st period - Anders Lee wins face-off versus David Pastrnak in Red Wings zone.
11:18 of 1st period - Wrist shot by Mason Appleton.
11:18 of 1st period - Shot Misses the Net.
11:45 of 1st period - Snap shot by Glenn Gawdin.
11:45 of 1st period - Shot Blocked by Brett Pesce.
11:47 of 1st period - Snap shot by Michael Carcone.
11:47 of 1st period - Stopped by Tristan Jarry with a rebound.
11:57 of 1st period - Snap shot by Brock McGinn.
11:57 of 1st period - Shot Blocked by Thomas Chabot.
11:59 of 1st period - Wrist shot by Brock McGinn.
11:59 of 1st period - Stopped by Karel Vejmelka with a rebound.
12:01 of 1st period - Slapshot by Brett Pesce.
12:01 of 1st period - Stopped by Karel Vejmelka without a rebound.
12:02 of 1st period - Anders Lee wins face-off versus Fedor Svechkov in Stars zone.
12:29 of 1st period - Snap shot by Taylor Raddysh.
12:29 of 1st period - Stopped by Karel Vejmelka without a rebound.
12:30 of 1st period - Glenn Gawdin wins face-off versus Matias Maccelli in Stars zone.
12:30 of 1st period - Glenn Gawdin is hit by Calvin de Haan.
12:48 of 1st period - Michael Carcone is hit by Calvin de Haan and loses puck.
13:25 of 1st period - Snap shot by Sam Lafferty.
13:25 of 1st period - Stopped by Tristan Jarry without a rebound.
13:26 of 1st period - Sam Lafferty wins face-off versus Fedor Svechkov in Red Wings zone.
13:27 of 1st period - Wrist shot by Colin Blackwell.
13:27 of 1st period - Stopped by Tristan Jarry with a rebound.
14:13 of 1st period - Snap shot by Colin Blackwell.
14:13 of 1st period - Shot Misses the Net.
14:15 of 1st period - Snap shot by Ryan Graves.
14:15 of 1st period - Stopped by Tristan Jarry with a rebound.
14:17 of 1st period - Snap shot by Sam Lafferty.
14:17 of 1st period - Stopped by Tristan Jarry without a rebound.
14:18 of 1st period - Taylor Raddysh wins face-off versus Anders Lee in Red Wings zone.
14:20 of 1st period - Minor Penalty to Brett Leason for Interference.
14:21 of 1st period - Brock McGinn wins face-off versus Pierre Engvall in Red Wings zone.
14:27 of 1st period - Backhand shot by Brock McGinn.
14:27 of 1st period - Shot Misses the Net.
16:08 of 1st period - John Klingberg is hit by Mason Marchment and loses puck.
16:20 of 1st period - Penalty to Brett Leason is over, Brett Leason is back on ice.
16:47 of 1st period - Slapshot by Owen Tippett.
16:47 of 1st period - Deflect By Brett Leason.
16:47 of 1st period - Stopped by Karel Vejmelka without a rebound.
16:48 of 1st period - Glenn Gawdin wins face-off versus Owen Tippett in Stars zone.
17:55 of 1st period - Kailer Yamamoto is hit by Michael Carcone and loses puck.
18:04 of 1st period - Snap shot by Michael Carcone.
18:04 of 1st period - Shot Blocked by Jakob Chychrun.
18:25 of 1st period - Icing by Anders Lee.
18:26 of 1st period - Fedor Svechkov wins face-off versus Dylan Strome in Stars zone.
18:33 of 1st period - Snap shot by Dylan Strome.
18:33 of 1st period - Stopped by Tristan Jarry with a rebound.
18:41 of 1st period - Slapshot by Dylan Strome.
18:41 of 1st period - Deflect By David Pastrnak.
18:41 of 1st period - Shot Misses the Net.
18:41 of 1st period - Puck is out of play.
18:42 of 1st period - Matias Maccelli wins face-off versus Anders Lee in Red Wings zone.
18:51 of 1st period - Slapshot by Brett Leason.
18:51 of 1st period - Stopped by Karel Vejmelka without a rebound.
18:52 of 1st period - Anders Lee wins face-off versus Taylor Raddysh in Stars zone.
19:01 of 1st period - Wrist shot by Taylor Raddysh.
19:01 of 1st period - Shot Misses the Net.
19:03 of 1st period - Slapshot by Matias Maccelli.
19:03 of 1st period - Stopped by Karel Vejmelka with a rebound.
19:18 of 1st period - Minor Penalty to Anders Lee for Delaying the game.
19:19 of 1st period - Dylan Strome wins face-off versus David Pastrnak in Stars zone.
19:23 of 1st period - Owen Tippett is hit by Sam Lafferty and loses puck.
19:44 of 1st period - Ryan Graves is hit by Mason Marchment and loses puck.
Goals for this period are 0 for Stars vs 1 for Red Wings.
Shots for this period are 9 for Stars vs 12 for Red Wings.

2nd period


0:01 of 2nd period - Dylan Strome wins face-off versus Taylor Raddysh in neutral zone.
0:04 of 2nd period - Wrist shot by Sam Lafferty.
0:04 of 2nd period - Stopped by Tristan Jarry without a rebound.
0:05 of 2nd period - Taylor Raddysh wins face-off versus Dylan Strome in Red Wings zone.
0:10 of 2nd period - Dylan Strome is hit by Owen Tippett and loses puck.
0:21 of 2nd period - Wrist shot by Dylan Strome.
0:21 of 2nd period - Stopped by Tristan Jarry without a rebound.
0:22 of 2nd period - Dylan Strome wins face-off versus Taylor Raddysh in Red Wings zone.
1:18 of 2nd period - Penalty to Anders Lee is over, Anders Lee is back on ice.
1:35 of 2nd period - Off-side.
1:36 of 2nd period - David Pastrnak wins face-off versus Anders Lee in neutral zone.
1:39 of 2nd period - Slapshot by Jakob Chychrun.
1:39 of 2nd period - Shot Misses the Net.
1:57 of 2nd period - TJ Brodie is hit by Kailer Yamamoto and loses puck.
2:04 of 2nd period - Wrist shot by Kailer Yamamoto.
2:04 of 2nd period - Stopped by Karel Vejmelka with a rebound.
2:06 of 2nd period - Snap shot by Owen Tippett.
2:06 of 2nd period - Stopped by Karel Vejmelka with a rebound.
2:59 of 2nd period - Mason Marchment is hit by Mason Appleton.
3:30 of 2nd period - Wrist shot by Vincent Hinostroza.
3:30 of 2nd period - Stopped by Tristan Jarry with a rebound.
3:36 of 2nd period - Wrist shot by Michael Carcone.
3:36 of 2nd period - Shot Misses the Net.
3:38 of 2nd period - Snap shot by Vincent Hinostroza.
3:38 of 2nd period - Goal by Vincent Hinostroza - Stars : 1 - Red Wings : 1.
3:39 of 2nd period - David Pastrnak wins face-off versus Anders Lee in neutral zone.
4:04 of 2nd period - Mason Marchment is hit by Ryan Strome and loses puck.
4:29 of 2nd period - Brett Pesce is hit by Ryan Graves and loses puck.
4:42 of 2nd period - Corey Perry is hit by Brett Pesce and loses puck.
5:24 of 2nd period - Icing by Anders Lee.
5:25 of 2nd period - Anders Lee wins face-off versus Taylor Raddysh in Stars zone.
5:32 of 2nd period - Snap shot by Anders Lee.
5:32 of 2nd period - Stopped by Tristan Jarry with a rebound.
5:34 of 2nd period - Snap shot by Matt Grzelcyk.
5:34 of 2nd period - Shot Blocked by Mason Lohrei.
5:36 of 2nd period - Slapshot by Mason Appleton.
5:36 of 2nd period - Stopped by Tristan Jarry with a rebound.
5:38 of 2nd period - Snap shot by Mason Appleton.
5:38 of 2nd period - Stopped by Tristan Jarry without a rebound.
5:39 of 2nd period - Dylan Strome wins face-off versus Justin Holl in Red Wings zone.
5:48 of 2nd period - Snap shot by Arthur Kaliyev.
5:48 of 2nd period - Stopped by Karel Vejmelka with a rebound.
5:50 of 2nd period - Wrist shot by Dylan DeMelo.
5:50 of 2nd period - Shot Blocked by John Klingberg.
5:52 of 2nd period - Slapshot by Mason Lohrei.
5:52 of 2nd period - Shot Blocked by Mikko Rantanen.
5:54 of 2nd period - Slapshot by David Pastrnak.
5:54 of 2nd period - Goal by David Pastrnak - Stars : 1 - Red Wings : 2.
5:55 of 2nd period - Anders Lee wins face-off versus Justin Holl in neutral zone.
6:00 of 2nd period - Wrist shot by Anders Lee.
6:00 of 2nd period - Goal by Anders Lee - Stars : 2 - Red Wings : 2.
6:01 of 2nd period - Mason Marchment wins face-off versus Anders Lee in neutral zone.
6:10 of 2nd period - Slapshot by Mason Marchment.
6:10 of 2nd period - Stopped by Karel Vejmelka with a rebound.
6:12 of 2nd period - Wrist shot by Brett Pesce.
6:12 of 2nd period - Stopped by Karel Vejmelka without a rebound.
6:13 of 2nd period - Anders Lee wins face-off versus David Pastrnak in Stars zone.
6:34 of 2nd period - Minor Penalty to Anders Lee for High sticking.
6:35 of 2nd period - Taylor Raddysh wins face-off versus Dylan Strome in Stars zone.
7:37 of 2nd period - Slapshot by Pierre Engvall.
7:37 of 2nd period - Shot Misses the Net.
8:09 of 2nd period - Dylan Strome is hit by Brett Pesce and loses puck.
8:34 of 2nd period - Penalty to Anders Lee is over, Anders Lee is back on ice.
9:23 of 2nd period - Taylor Raddysh is hit by Corey Perry and loses puck.
9:30 of 2nd period - Colin Blackwell is hit by Calvin de Haan and loses puck.
11:33 of 2nd period - Brett Leason is hit by Sam Lafferty and loses puck.
11:40 of 2nd period - Sam Lafferty is hit by Dylan DeMelo and loses puck.
12:09 of 2nd period - Wrist shot by Taylor Raddysh.
12:09 of 2nd period - Deflect By Brett Leason.
12:09 of 2nd period - Stopped by Karel Vejmelka without a rebound.
12:10 of 2nd period - Dylan Strome wins face-off versus Fedor Svechkov in Stars zone.
12:15 of 2nd period - Wrist shot by Dylan Strome.
12:15 of 2nd period - Shot Blocked by Mathew Dumba.
12:23 of 2nd period - Wrist shot by Brock McGinn.
12:23 of 2nd period - Shot Misses the Net.
14:14 of 2nd period - Matt Grzelcyk is hit by Brock McGinn and loses puck.
14:24 of 2nd period - Icing by Mason Appleton.
14:25 of 2nd period - Kailer Yamamoto wins face-off versus Dylan Strome in Stars zone.
14:46 of 2nd period - Pierre Engvall is hit by Calvin de Haan and loses puck.
15:17 of 2nd period - Snap shot by Owen Tippett.
15:17 of 2nd period - Shot Misses the Net.
15:19 of 2nd period - Snap shot by Mason Marchment.
15:19 of 2nd period - Deflect By Owen Tippett.
15:19 of 2nd period - Stopped by Karel Vejmelka with a rebound.
15:21 of 2nd period - Snap shot by Owen Tippett.
15:21 of 2nd period - Stopped by Karel Vejmelka without a rebound.
15:22 of 2nd period - Dylan Strome wins face-off versus Taylor Raddysh in Stars zone.
15:31 of 2nd period - Wrist shot by Dylan Strome.
15:31 of 2nd period - Shot Blocked by Brett Pesce.
15:33 of 2nd period - Slapshot by John Klingberg.
15:33 of 2nd period - Shot Misses the Net.
15:35 of 2nd period - Snap shot by Dylan Strome.
15:35 of 2nd period - Shot Blocked by Taylor Raddysh.
15:37 of 2nd period - Snap shot by Dylan Strome.
15:37 of 2nd period - Shot Misses the Net.
15:39 of 2nd period - Wrist shot by Dylan Strome.
15:39 of 2nd period - Stopped by Tristan Jarry with a rebound.
15:47 of 2nd period - Snap shot by Dylan Strome.
15:47 of 2nd period - Stopped by Tristan Jarry with a rebound.
15:49 of 2nd period - Slapshot by Cale Fleury.
15:49 of 2nd period - Shot Misses the Net.
16:09 of 2nd period - Wrist shot by Taylor Raddysh.
16:09 of 2nd period - Stopped by Karel Vejmelka with a rebound.
16:34 of 2nd period - Brett Pesce is hit by Mikko Rantanen and loses puck.
16:43 of 2nd period - Jakob Chychrun is hit by Ryan Strome and loses puck.
16:48 of 2nd period - Wrist shot by Mikko Rantanen.
16:48 of 2nd period - Shot Misses the Net.
16:50 of 2nd period - Slapshot by TJ Brodie.
16:50 of 2nd period - Shot Misses the Net.
16:52 of 2nd period - Snap shot by Cale Fleury.
16:52 of 2nd period - Deflect By Dylan Strome.
16:52 of 2nd period - Shot Misses the Net.
16:52 of 2nd period - Puck is out of play.
16:53 of 2nd period - Anders Lee wins face-off versus Mason Marchment in Red Wings zone.
16:58 of 2nd period - Wrist shot by Anders Lee.
16:58 of 2nd period - Shot Misses the Net.
17:22 of 2nd period - Snap shot by Arthur Kaliyev.
17:22 of 2nd period - Shot Blocked by John Klingberg.
17:30 of 2nd period - Wrist shot by Anders Lee.
17:30 of 2nd period - Stopped by Tristan Jarry with a rebound.
17:32 of 2nd period - Backhand shot by John Klingberg.
17:32 of 2nd period - Stopped by Tristan Jarry with a rebound.
17:34 of 2nd period - Snap shot by Pierre Engvall.
17:34 of 2nd period - Stopped by Tristan Jarry without a rebound.
17:35 of 2nd period - Sam Lafferty wins face-off versus Kailer Yamamoto in Red Wings zone.
17:42 of 2nd period - Wrist shot by Corey Perry.
17:42 of 2nd period - Stopped by Tristan Jarry without a rebound.
17:43 of 2nd period - Sam Lafferty wins face-off versus Kailer Yamamoto in Red Wings zone.
17:48 of 2nd period - Snap shot by Corey Perry.
17:48 of 2nd period - Stopped by Tristan Jarry without a rebound.
17:49 of 2nd period - Kailer Yamamoto wins face-off versus Anders Lee in Red Wings zone.
17:58 of 2nd period - Wrist shot by Owen Tippett.
17:58 of 2nd period - Goal by Owen Tippett - Stars : 2 - Red Wings : 3.
17:59 of 2nd period - Dylan Strome wins face-off versus Mason Marchment in neutral zone.
18:02 of 2nd period - Snap shot by Mikko Rantanen.
18:02 of 2nd period - Shot Misses the Net.
18:14 of 2nd period - Wrist shot by Owen Tippett.
18:14 of 2nd period - Stopped by Karel Vejmelka without a rebound.
18:15 of 2nd period - David Pastrnak wins face-off versus Anders Lee in Stars zone.
18:46 of 2nd period - Mathew Dumba is hit by John Klingberg and loses puck.
19:21 of 2nd period - Icing by Taylor Raddysh.
19:22 of 2nd period - Glenn Gawdin wins face-off versus Taylor Raddysh in Red Wings zone.
19:31 of 2nd period - Wrist shot by Michael Carcone.
19:31 of 2nd period - Stopped by Tristan Jarry without a rebound.
19:32 of 2nd period - Anders Lee wins face-off versus Kailer Yamamoto in Red Wings zone.
19:59 of 2nd period - Brett Pesce is hit by Dylan Strome and loses puck.
Goals for this period are 2 for Stars vs 2 for Red Wings.
Shots for this period are 16 for Stars vs 12 for Red Wings.

3rd period


0:01 of 3rd period - Kailer Yamamoto wins face-off versus Dylan Strome in neutral zone.
0:18 of 3rd period - Mason Lohrei is hit by Mikko Rantanen and loses puck.
0:29 of 3rd period - Snap shot by Corey Perry.
0:29 of 3rd period - Stopped by Tristan Jarry without a rebound.
0:30 of 3rd period - David Pastrnak wins face-off versus Sam Lafferty in Red Wings zone.
0:43 of 3rd period - Slapshot by Jakob Chychrun.
0:43 of 3rd period - Shot Blocked by Thomas Chabot.
1:03 of 3rd period - Wrist shot by Taylor Raddysh.
1:03 of 3rd period - Stopped by Karel Vejmelka without a rebound.
1:04 of 3rd period - Dylan Strome wins face-off versus Kailer Yamamoto in Stars zone.
1:10 of 3rd period - Minor Penalty to Ryan Strome for High sticking.
1:11 of 3rd period - Taylor Raddysh wins face-off versus Anders Lee in Stars zone.
1:36 of 3rd period - Fedor Svechkov is hit by Thomas Chabot.
2:09 of 3rd period - Off-side.
2:10 of 3rd period - Dylan Strome wins face-off versus Fedor Svechkov in neutral zone.
2:56 of 3rd period - Off-side.
2:57 of 3rd period - Dylan Strome wins face-off versus Fedor Svechkov in neutral zone.
3:10 of 3rd period - Penalty to Ryan Strome is over, Ryan Strome is back on ice.
3:48 of 3rd period - Wrist shot by Dylan Strome.
3:48 of 3rd period - Shot Misses the Net.
4:21 of 3rd period - Corey Perry is hit by Brock McGinn and loses puck.
4:45 of 3rd period - Cale Fleury is hit by Brett Pesce and loses puck.
4:58 of 3rd period - Calvin de Haan is hit by Cale Fleury and loses puck.
5:20 of 3rd period - Mason Appleton is hit by Arthur Kaliyev and loses puck.
5:35 of 3rd period - David Pastrnak is hit by Thomas Chabot and loses puck.
6:14 of 3rd period - Snap shot by Taylor Raddysh.
6:14 of 3rd period - Stopped by Karel Vejmelka with a rebound.
6:16 of 3rd period - Snap shot by Brett Leason.
6:16 of 3rd period - Shot Misses the Net.
6:18 of 3rd period - Slapshot by Mason Lohrei.
6:18 of 3rd period - Shot Misses the Net.
6:50 of 3rd period - Colin Blackwell is hit by Brett Pesce and loses puck.
7:08 of 3rd period - Ryan Graves is hit by Calvin de Haan and loses puck.
7:27 of 3rd period - Cale Fleury is hit by Justin Holl and loses puck.
7:34 of 3rd period - Minor Penalty to Corey Perry for High sticking.
7:35 of 3rd period - Anders Lee wins face-off versus Fedor Svechkov in Stars zone.
8:27 of 3rd period - Off-side.
8:28 of 3rd period - Ryan Strome wins face-off versus Taylor Raddysh in neutral zone.
8:38 of 3rd period - Off-side.
8:39 of 3rd period - Pierre Engvall wins face-off versus Fedor Svechkov in neutral zone.
8:46 of 3rd period - Wrist shot by Mason Marchment.
8:46 of 3rd period - Shot Misses the Net.
8:48 of 3rd period - Snap shot by Mason Marchment.
8:48 of 3rd period - Stopped by Karel Vejmelka with a rebound.
8:50 of 3rd period - Slapshot by Jakob Chychrun.
8:50 of 3rd period - Stopped by Karel Vejmelka with a rebound.
9:34 of 3rd period - Penalty to Corey Perry is over, Corey Perry is back on ice.
9:44 of 3rd period - Snap shot by Corey Perry.
9:44 of 3rd period - Shot Misses the Net.
10:34 of 3rd period - Wrist shot by Anders Lee.
10:34 of 3rd period - Shot Blocked by Calvin de Haan.
10:57 of 3rd period - Slapshot by Sam Lafferty.
10:57 of 3rd period - Shot Misses the Net.
11:22 of 3rd period - Brett Pesce is hit by Anders Lee.
11:36 of 3rd period - Wrist shot by Vincent Hinostroza.
11:36 of 3rd period - Stopped by Tristan Jarry with a rebound.
11:38 of 3rd period - Wrist shot by Ryan Graves.
11:38 of 3rd period - Shot Blocked by Justin Holl.
11:40 of 3rd period - Wrist shot by Vincent Hinostroza.
11:40 of 3rd period - Stopped by Tristan Jarry with a rebound.
11:42 of 3rd period - Slapshot by Thomas Chabot.
11:42 of 3rd period - Stopped by Tristan Jarry with a rebound.
12:08 of 3rd period - Brett Pesce is hit by Sam Lafferty and loses puck.
12:43 of 3rd period - Slapshot by Mason Marchment.
12:43 of 3rd period - Stopped by Karel Vejmelka with a rebound.
12:45 of 3rd period - Slapshot by Jakob Chychrun.
12:45 of 3rd period - Shot Misses the Net.
12:47 of 3rd period - Slapshot by Jakob Chychrun.
12:47 of 3rd period - Shot Blocked by Sam Lafferty.
12:49 of 3rd period - Snap shot by Kailer Yamamoto.
12:49 of 3rd period - Shot Misses the Net.
12:51 of 3rd period - Wrist shot by Mason Marchment.
12:51 of 3rd period - Stopped by Karel Vejmelka without a rebound.
12:52 of 3rd period - Taylor Raddysh wins face-off versus Dylan Strome in Stars zone.
12:53 of 3rd period - Wrist shot by Brett Leason.
12:53 of 3rd period - Shot Misses the Net.
12:55 of 3rd period - Wrist shot by Taylor Raddysh.
12:55 of 3rd period - Shot Misses the Net.
13:05 of 3rd period - Snap shot by Matias Maccelli.
13:05 of 3rd period - Stopped by Karel Vejmelka with a rebound.
13:07 of 3rd period - Slapshot by Dylan DeMelo.
13:07 of 3rd period - Shot Blocked by John Klingberg.
13:17 of 3rd period - Dylan Strome is hit by Brock McGinn and loses puck.
13:39 of 3rd period - Snap shot by Anders Lee.
13:39 of 3rd period - Shot Blocked by Brock McGinn.
14:06 of 3rd period - Slapshot by Vincent Hinostroza.
14:06 of 3rd period - Deflect By Taylor Raddysh.
14:06 of 3rd period - Stopped by Tristan Jarry without a rebound.
14:07 of 3rd period - David Pastrnak wins face-off versus Anders Lee in Red Wings zone.
14:18 of 3rd period - Wrist shot by Mason Appleton.
14:18 of 3rd period - Shot Misses the Net.
14:20 of 3rd period - Backhand shot by TJ Brodie.
14:20 of 3rd period - Shot Blocked by Justin Holl.
14:38 of 3rd period - Snap shot by Vincent Hinostroza.
14:38 of 3rd period - Deflect By Glenn Gawdin.
14:38 of 3rd period - Shot Misses the Net.
14:38 of 3rd period - Puck is out of play.
14:39 of 3rd period - Glenn Gawdin wins face-off versus Mason Marchment in Red Wings zone.
14:42 of 3rd period - Wrist shot by Michael Carcone.
14:42 of 3rd period - Shot Misses the Net.
14:44 of 3rd period - Snap shot by Michael Carcone.
14:44 of 3rd period - Stopped by Tristan Jarry without a rebound.
14:45 of 3rd period - Dylan Strome wins face-off versus Mason Marchment in Red Wings zone.
15:11 of 3rd period - Mathew Dumba is hit by Anders Lee and loses puck.
15:24 of 3rd period - Slapshot by Anders Lee.
15:24 of 3rd period - Stopped by Tristan Jarry with a rebound.
15:38 of 3rd period - Snap shot by Taylor Raddysh.
15:38 of 3rd period - Shot Blocked by Corey Perry.
15:54 of 3rd period - Slapshot by Calvin de Haan.
15:54 of 3rd period - Shot Blocked by TJ Brodie.
16:14 of 3rd period - Snap shot by Justin Holl.
16:14 of 3rd period - Stopped by Karel Vejmelka with a rebound.
16:16 of 3rd period - Slapshot by Mathew Dumba.
16:16 of 3rd period - Shot Hit the Post.
17:33 of 3rd period - Michael Carcone is hit by Dylan DeMelo and loses puck.
18:35 of 3rd period - Wrist shot by Mikko Rantanen.
18:35 of 3rd period - Shot Misses the Net.
18:37 of 3rd period - Slapshot by Mikko Rantanen.
18:37 of 3rd period - Stopped by Tristan Jarry without a rebound.
18:38 of 3rd period - Justin Holl wins face-off versus Dylan Strome in Red Wings zone.
18:42 of 3rd period - Off-side.
18:43 of 3rd period - Sam Lafferty wins face-off versus Justin Holl in neutral zone.
18:52 of 3rd period - Wrist shot by Mason Marchment.
18:52 of 3rd period - Stopped by Karel Vejmelka without a rebound.
18:53 of 3rd period - Blaine Forsythe call a timeout for Stars.
18:53 of 3rd period - Sam Lafferty wins face-off versus Owen Tippett in Stars zone.
19:08 of 3rd period - Stars, Karel Vejmelka is pulled from the net.
19:12 of 3rd period - Wrist shot by Sam Lafferty.
19:12 of 3rd period - Stopped by Tristan Jarry with a rebound.
19:18 of 3rd period - Snap shot by Owen Tippett.
19:18 of 3rd period - Goal by Owen Tippett - Stars : 2 - Red Wings : 4.
19:18 of 3rd period - Karel Vejmelka from Stars was sent back in the game.
19:19 of 3rd period - Sam Lafferty wins face-off versus David Pastrnak in neutral zone.
19:44 of 3rd period - Ryan Graves is hit by Dylan DeMelo and loses puck.
Goals for this period are 0 for Stars vs 1 for Red Wings.
Shots for this period are 9 for Stars vs 10 for Red Wings.